 Dungeon Crawl Stone Soup version 0.29.1-15-g9cfb28693d (webtiles) character file.

Game seed: 8697889644115305003

297 leafyfresh the Covert (level 6, -1/44 HPs)
             Began as an Octopode Delver on Mar 4, 2023.
             Was an Initiate of Ashenzari.
             Slain by Ijyb
             ... wielding a +7 club
              (6 damage)
             ... on level 3 of the Dungeon.
             The game lasted 00:03:33 (1857 turns).

leafyfresh the Covert (Octopode Delver)             Turns: 1857, Time: 00:03:35

Health: -1/44      AC:  1    Str: 12    XL:     6   Next: 35%
Magic:  6/6        EV: 14    Int: 14    God:    Ashenzari [......]
Gold:   77         SH:  0    Dex: 13    Spells: 5/5 levels left

rFire   . . .      SeeInvis .   a - +0 short sword
rCold   . . .      Faith    .   (no shield)
rNeg    . . .      Spirit   .   (helmet restricted)
rPois   .          Reflect  .   (no amulet)
rElec   .          Harm     .   (no ring)
rCorr   .          Rampage  .   (no ring)
Will    .....                   (no ring)
Stlth   +++++.....              (no ring)
HPRegen 0.14/turn               (no ring)
MPRegen 0.10/turn               (no ring)
                                (no ring)
                                (no ring)

@: lethally poisoned (-1 -> -6)
A: almost no armour, amphibious, 8 rings, camouflage 1, gelatinous body 1,
(nimble swimmer 1), tentacles
a: Renounce Religion


You were on level 3 of the Dungeon.
You worshipped Ashenzari.
Ashenzari was noncommittal.
You visited 2 branches of the dungeon, and saw 5 of its levels.

You collected 77 gold pieces.

Inventory:

Hand Weapons
 a - a +0 short sword (weapon)
Missiles
 n - 2 throwing nets (quivered)
Wands
 f - a wand of digging (3)
Scrolls
 b - a scroll of fog
 c - 2 scrolls of magic mapping
 d - a scroll of fear
 g - a scroll of blinking {unknown}
 h - 4 scrolls of identify {unknown}
 j - 3 scrolls of teleportation {unknown}
 k - a scroll of enchant armour {unknown}
Potions
 e - a potion of haste
 i - a potion of berserk rage {unknown}
 l - 2 potions of heal wounds {unknown}
 m - a potion of degeneration {unknown}


   Skills:
 + Level 4.6 Fighting
 - Level 2.0 Short Blades
 + Level 4.0 Dodging
 + Level 8.4 Stealth


You had 5 spell levels left.
You didn't know any spells.
Your spell library contained the following spells:

 Spells                   Type           Power      Damage    Failure   Level
 Scorch                   Fire           0%         2d5       41%         2
 Flame Wave               Conj/Fire      0%         2d4       96%         4
 Summon Cactus Giant      Summ           0%         N/A       100%        6


Dungeon Overview and Level Annotations

Branches:
Dungeon (5/15)             Temple (1/1) D:4

Altars:
Ashenzari
Elyvilon
Makhleb
Nemelex Xobeh
Ru
Vehumet
Xom
The Shining One

Shops:
D:5 =

Annotations:
D:3 Ijyb, Natasha


Innate Abilities, Weirdness & Mutations

You cannot wear most types of armour.
You are amphibious.
You can wear up to eight rings at the same time.
Your skin changes colour to match your surroundings (Stealth+).
Your rubbery body absorbs attacks. (AC +1, EV +1)
((You are camouflaged when in or above water. (Stealth+)))
You have tentacles for arms and can constrict up to eight enemies at once.


Message History

The endoplasm closely misses you.
You hit the endoplasm.
You kill the endoplasm!
A kobold comes into view.
It is wielding a +0 dagger and quivering poisoned darts.
Natasha, Servant of Life and Death comes into view.
You barely miss the jackal skeleton.
The kobold shouts!
Your grab misses the jackal skeleton. The jackal skeleton closely misses you.
You hit the jackal skeleton. You grab the jackal skeleton.
You squeeze the jackal skeleton.
You destroy the jackal skeleton!
Natasha casts a spell.
Ijyb zaps a wand.
The mass of ice explodes!
The iceblast engulfs you!
Throw: dart (curare)
Press: ? - help, Q - select action, (/) - cycle Shift-Dir - straight line, f - Ijyb
Aim: Ijyb, wielding a +7 club, wearing a +0 chain mail and carrying a wand of iceblast (9) (59% to hit)
You throw a curare-tipped dart. The curare-tipped dart hits Ijyb.
Ijyb is poisoned.
Ijyb convulses.
Ijyb seems to slow down.
Ijyb is lightly wounded.
Unknown command.
The crimson imp disappears for a moment.
You closely miss Ijyb. Your grab misses Ijyb. Your squeeze misses Ijyb.
Ijyb is lightly wounded.
Ijyb hits you with a +7 club!
A rat comes into view.
Natasha mumbles some strange words.
You closely miss Ijyb. Your grab misses Ijyb.
Ijyb is lightly wounded.
Ijyb hits you with a +7 club!
* * * LOW HITPOINT WARNING * * *
The crimson imp blinks!
You hit Ijyb but do no damage. You grab Ijyb.
Ijyb is lightly wounded.
You constrict Ijyb, but do no damage.
The kobold throws a poisoned dart.
The poisoned dart hits you.
You are lethally poisoned!
Ijyb screams, "Level is mine!
All mine!"
Ijyb hits you with a +7 club.
You die...

#.# #.#._.# # #.####.#...#.#
).#..+..[....+ ...#
###.#####'##### ...
###.##.##.# #.# ..#
..........# #.# ..# #.
#####..#### #.# ..##... #..#
#.#######......# # #..#
#...@gJhr......#
#####..#######K####Z....8..#
................# #.........
..############.## #........#
...# #K# ......#### ..## #.#
...#.### ...# .......P.P
#### .#......ā‰ˆ~~ #
.......Pā‰ˆ~~~


You could see Ijyb (very poisoned, slow), Natasha, an endoplasm, a kobold, a rat
and a hound skeleton.

Vanquished Creatures
  An ogre (D:4)
  2 water moccasin skeletons (D:3)
  A jelly (D:4)
  A hound (D:4)
  An orc wizard (D:4)
  An adder (D:4)
  3 orcs (D:4)
  3 endoplasms
  A giant cockroach (D:3)
  A goblin (D:4)
  3 hobgoblins
  4 jackals (D:4)
  A ball python (D:4)
  A giant cockroach zombie (D:3)
  A jackal skeleton (D:3)
  A kobold (D:3)
  A quokka skeleton (D:3)
27 creatures vanquished.

Vanquished Creatures (others)
  2 withered plants (D:3)
2 creatures vanquished.

Grand Total: 29 creatures vanquished

Notes
Turn   | Place    | Note
-------+----------+-------------------------------------------
     0 | D:5      | leafyfresh the Octopode Delver began the quest for the Orb.
     0 | D:5      | Reached XP level 1. HP: 16/16 MP: 1/1
    12 | D:4      | Noticed an ogre
    19 | D:4      | Killed an ogre
    20 | D:4      | Reached skill level 7 in Stealth
    20 | D:4      | Reached XP level 2. HP: 22/22 MP: 2/2
    20 | D:4      | Reached XP level 3. HP: 27/27 MP: 3/3
    20 | D:4      | Reached XP level 4. HP: 33/33 MP: 4/4
   239 | D:4      | Reached XP level 5. HP: 33/37 MP: 5/5
   665 | D:4      | Reached skill level 8 in Stealth
   742 | D:4      | Found a sacrificial altar of Ru.
   901 | D:4      | Found a staircase to the Ecumenical Temple.
   986 | Temple   | Entered the Ecumenical Temple
  1036 | Temple   | Became a worshipper of Ashenzari the Shackled
  1220 | D:4      | Identified the +2 chain mail "Aseiq Leubu" {rN+ Will+}
  1352 | D:3      | Reached XP level 6. HP: 37/44 MP: 6/6
  1803 | D:3      | Found a sparkling altar of Nemelex Xobeh.
  1838 | D:3      | Noticed Ijyb
  1850 | D:3      | Noticed Natasha
  1857 | D:3      | Slain by Ijyb

Illustrated notes

Levels and vault maps discovered:
D:2:      layout_basic, minmay_hexomino_u4, uniq_robin
D:3:      layout_loops_ring, mainiacjoe_overflow_six_doors_small, serial_undead,
          serial_undead_c, serial_undead_f, serial_undead_d, serial_undead_f,
          serial_undead_a, serial_undead_f, serial_undead_e,
          minmay_misc_feat_rows, nicolae_concentric_dashed_squares_mild,
          minmay_ogre_servants, uniq_ijyb, uniq_natasha
D:4:      layout_basic, nicolae_ru_path_of_blood,
          minmay_temple_entry_enclosed_plants
D:5:      layout_loops_ring, serial_glass, glass_columns_a, glass_columns_b,
          glass_columns_b, glass_columns_a, glass_columns_c, glass_columns_c,
          serial_shops, nicolae_stop_n_shop_1, shop, nicolae_stop_n_shop_1
Temple:   minmay_crystal_spiral_temple

Skill      XL: |  1  2  3  4  5  6 |
---------------+-------------------+-----
Dodging        | 3 4 |  4.0
Stealth        | 7 8 |  8.4
Fighting       | 4 |  4.6
Short Blades   | |  2.0

Action                   |  1- 3 |  4- 6 || total
-------------------------+-------+-------++-------
Melee: Short sword       |     1 |    63 ||    64
       Tentacles         |     1 |    19 ||    20
       Constrict         |       |    17 ||    17
       Punch             |       |     1 ||     1
Throw: Dart              |       |     2 ||     2
 Stab: Sleeping          |     1 |     4 ||     5
Dodge: Dodged            |       |    32 ||    32
